 Dungeon Crawl Stone Soup version 0.14.2 (webtiles) character file.

84735 rftp080 the Carver (level 14, -9/119 HPs)
             Began as a Demigod Wizard on May 27, 2016.
             Mangled by a manticore (22 damage)
             ... on Level 13 of the Dungeon.
             The game lasted 03:11:12 (48957 turns).

rftp080 the Carver (Demigod Wizard)                Turns: 48957, Time: 03:11:12

HP  -9/119       AC 15     Str 12      XL: 14   Next: 90%
MP  26/34        EV 20     Int 28      God:
Gold 2068        SH 14     Dex 17      Spells:  7 memorised, 14 levels left

rFire  . . .     SeeInvis +     H - +2,+4 falchion (protect)
rCold  . . .     Clarity  .     R - +1 robe of Jyqu {MR+}
rNeg   + . .     Conserve +     L - +2 buckler
rPois  +         rCorr    .     A - +2 helmet
rElec  .         rRot     .     q - +0 cloak
SustAb . .       Spirit   .     k - +0 pair of gloves
rMut   .         Warding  .     K - +0 pair of boots
Saprov . . .     Stasis   .     y - amulet of conservation {unknown}
MR     ++...                    r - ring of Shadows {Umbra +Inv rN+ SInv}
                                t - ring of poison resistance

@: about to teleport, wreathed by umbra, very resistant to hostile enchantments,
stealthy
A: no striking features
a: Evoke Invisibility


You were on level 13 of the Dungeon.
You were near starving.

You visited 3 branches of the dungeon, and saw 25 of its levels.

You collected 2419 gold pieces.
You spent 351 gold pieces at shops.

Inventory:

Hand weapons
 B - a +0,+0 long sword of holy wrath
 H - a +2,+4 falchion of protection (weapon)
Armour
 k - a +0 pair of gloves (worn)
 q - a +0 cloak (worn)
 A - a +2 helmet (worn)
 K - a +0 pair of boots (worn)
 L - a +2 buckler (worn)
 M - a +1 robe of magic resistance
 N - a +1 robe of cold resistance
 P - a +1 buckler of positive energy
 R - the +1 robe of Jyqu (worn) {MR+}
   (You found it on level 8 of the Dungeon)

   It affects your resistance to hostile enchantments.
Magical devices
 E - a wand of digging (3)
 O - a wand of teleportation (4)
Comestibles
 c - 16 sultanas
 d - 11 bread rations
Scrolls
 e - 2 scrolls of amnesia
 f - a scroll of identify
 g - 7 scrolls of remove curse
 m - 2 scrolls of vulnerability
 u - 2 scrolls of recharging
 G - 2 scrolls of blinking
 U - a scroll of magic mapping
Jewellery
 n - a cursed ring of teleportation
 r - the ring of Shadows (right hand) {Umbra +Inv rN+ SInv}
   (You found it on level 8 of the Lair of Beasts)

   [ring of invisibility]

   It protects you from negative energy.
   It enhances your eyesight.
 s - an uncursed ring of protection from fire
 t - a ring of poison resistance (left hand)
 y - an amulet of conservation (around neck) {unknown}
 I - an uncursed ring of protection from magic
Potions
 a - a potion of berserk rage
 h - a potion of magic {unknown}
 i - a potion of brilliance {unknown}
 j - 5 potions of curing
 o - a potion of resistance
 J - a potion of haste
Books
 l - a book of Ice

   Spells                             Type                      Level
   Freezing Aura                      Charms/Ice                   2
   Metabolic Englaciation             Hexes/Ice                    5
   Ozocubu's Refrigeration            Ice                          6
   Bolt of Cold                       Conjuration/Ice              6
   *Freezing Cloud                    Conjuration/Ice/Air          6
   Simulacrum                         Ice/Necromancy               6
Magical staves
 v - an uncursed staff of conjuration


   Skills:
 - Level 9.8 Fighting
   Level 0.3 Short Blades
 - Level 14.1 Long Blades
   Level 1.9 Polearms
 - Level 4.0 Armour
 - Level 11.0 Dodging
 - Level 1.8 Stealth
 - Level 5.1 Shields
 * Level 10.4 Spellcasting
 * Level 6.8 Conjurations
   Level 0.8 Summonings
 - Level 0.8 Translocations
 + Level 2.9 Ice Magic
 + Level 3.1 Air Magic


You had 14 spell levels left.
You knew the following spells:

 Your Spells              Type           Power        Failure   Level  Hunger
a - Magic Dart            Conj           ####         1%          1    None
b - Blink                 Tloc           N/A          6%          2    None
c - Mephitic Cloud        Conj/Pois/Air  ####....     3%          3    None
d - Conjure Flame         Conj/Fire      ####....     2%          3    None
e - Repel Missiles        Chrm/Air       ###...       3%          2    None
f - Cure Poison           Pois           ##........   8%          2    None
g - Freezing Cloud        Conj/Ice/Air   #####.....   93%         6    #####..


Dungeon Overview and Level Annotations

Branches:
Dungeon (13/15)            Temple (0/1) D:7             Orc (4/4) D:12
    Elf (0/3) Orc:4          Lair (8/8) D:8          Shoals (0/5) Lair:6
  Snake (0/5) Lair:3        Slime (0/6) Lair:6
 Vaults: D:13-14

Shops:
D:11 }   Orc:1 ?   Orc:2 !   Orc:4 (=*=

Annotations:
D:13 Maurice
Lair:6 Fannar
Lair:7 exclusion: oklob plant


Message History

Read which item? (? for menu, Esc to quit)
As you read the scroll of fear, it crumbles to dust.
You assume a fearsome visage.
The slime creature looks frightened!
The manticore looks frightened!
The cyan ugly thing looks frightened!
The troll looks frightened!
The ice beast looks frightened!
The troll is engulfed in noxious fumes.
The troll appears confused.
The troll bites the slime creature.
The troll claws the slime creature!
The troll's attack snaps the slime creature out of its fear.
The troll claws the slime creature.
The manticore misses you. The manticore closely misses you.
The manticore misses you.
Read which item? (? for menu, Esc to quit)
Okay, then.
Evoke which item? (* to show all) (? for menu, Esc to quit)
Zapping:
O - a wand of teleportation (5)
Press: ? - help, Shift-Dir - straight line, f - you, p - troll You feel strangely unstable.
This wand has 4 charges left.
The troll is engulfed in noxious fumes.
The troll appears confused.
The troll bites the slime creature.
The troll claws the slime creature.
The troll claws the slime creature!
The manticore bites you!
You die...

#.# ########....[ #.#
.............. #.#
.........###.. #.#
..h.....@..@.. #.#
.........###.# #.#
.........# #.# #.#
########.# #.# #H#
#...##.###.# #@#
#..........# #T#
###...##.##..# #ยง#
#.....##.#.... #J#
#....###...... #.#
#...(# #...... #I#
#....# #..._..
######.###.u..###......
#.....u..IT..J.........
#############.#########


You could see a slime creature (fleeing), a manticore (confused), a cyan ugly
thing (fleeing), a troll (confused) and an ice beast (fleeing).

Vanquished Creatures
  An orc warlord (Orc:4)
  11 hydras
  Nessos (Orc:4)
  Erica (D:11)
  A death yak (Lair:6)
  6 orc high priests (Orc:4)
  A centaur warrior (D:13)
  A catoblepas (Lair:6)
  Erolcha (Orc:3)
  A deep elf summoner (Orc:4)
  4 hill giants
  5 orc knights
  3 orc sorcerers
  A manticore (D:11)
  2 griffons
  3 cyclopes
  20 elephants
  24 spiny frogs
  3 black mambas
  A kobold demonologist (D:13)
  2 gargoyles
  A feature mimic (D:10)
  2 fire drakes
  4 komodo dragons
  2 polar bears
  A two-headed ogre (D:8)
  A snapping turtle (Lair:6)
  4 giant leeches
  28 blink frogs
  A hydra skeleton (D:9)
  4 basilisks
  A catoblepas skeleton (D:10)
  A shadow (D:13)
  33 yaks
  4 ugly things (D:11)
  2 wraiths
  A trapdoor spider (Lair:2)
  A redback (Orc:4)
  14 sharks
  2 deep elf magi
  2 elephant slugs
  Grum (D:5)
  10 vampire mosquitoes
  9 deep elf fighters (Orc:4)
  9 hippogriffs
  4 hungry ghosts
  15 wargs
  Edmund (D:9)
  Menkaure (D:5)
  A hill giant skeleton (D:12)
  3 nagas (Lair:3)
  A necrophage (D:12)
  11 wolves
  17 water moccasins
  9 porcupines
  6 giant goldfish
  31 orc warriors
  A yellow wasp (D:8)
  2 black bears
  4 ice beasts
  11 ogres
  4 phantoms
  A boring beetle (Lair:7)
  6 centaurs
  A manticore zombie (D:11)
  A lava worm (D:8)
  Duvessa (D:8)
  16 crocodiles
  7 giant slugs
  23 giant frogs
  3 gnoll sergeants
  16 big kobolds
  A cyclops zombie (D:13)
  3 scorpions
  An eye of draining (D:11)
  12 killer bees
  2 troll zombies
  A troll skeleton (D:10)
  6 wights
  An electric eel (D:7)
  A quasit (D:8)
  Dowan (D:8)
  2 crimson imps
  2 goliath beetles
  7 big fish
  A gnoll shaman (D:5)
  7 iguanas
  6 jellies
  57 orc priests
  17 hounds
  A two-headed ogre zombie (D:11)
  A giant frog skeleton (D:12)
  A kobold skeleton (D:8)
  10 worker ants
  29 orc wizards
  An orange rat (D:7)
  16 sheep
  5 ogre zombies (D:12)
  Ijyb (D:7)
  A big kobold skeleton (D:10)
  An ogre skeleton (D:6)
  2 worker ant zombies
  15 gnolls
  24 adders
  78 green rats
  2 giant mites
  2 shadow imps
  5 worms
  An adder skeleton (D:9)
  A giant eyeball (D:12)
  9 oozes
  248 orcs
  A ball python (D:2)
  23 bats
  2 bat zombies
  A giant cockroach (D:3)
  19 hobgoblins
  17 jackals
  10 quokkas
  7 giant geckos
  6 giant newts
  3 giant spores
  A gnoll skeleton (D:4)
  22 goblins
  4 goblin zombies (D:12)
  2 hobgoblin skeletons (D:12)
  A hobgoblin zombie (D:12)
  39 kobolds
  5 orc skeletons
  11 orc zombies
  24 rats
  A rat zombie (D:5)
  2 ballistomycetes
  A fungus (Lair:4)
  A plant (Lair:5)
1213 creatures vanquished.

Vanquished Creatures (collateral kills)
  A necrophage (D:13)
  A killer bee (D:10)
2 creatures vanquished.

Vanquished Creatures (others)
  A hill giant (D:13)
  A deep elf fighter (Orc:4)
  An ice beast (D:13)
  2 wights (D:10)
  A lava snake (D:8)
  An orc (Orc:4)
  A giant spore (D:8)
  2 bushes (Lair:8)
  26 fungi
  3 plants
39 creatures vanquished.

Grand Total: 1254 creatures vanquished

Notes
Turn   | Place    | Note
--------------------------------------------------------------
     0 | D:1      | rftp080, the Demigod Wizard, began the quest for the Orb.
     0 | D:1      | Reached XP level 1. HP: 14/14 MP: 4/4
    93 | D:1      | Reached skill level 1 in Conjurations
   523 | D:1      | Reached XP level 2. HP: 10/20 MP: 1/6
   527 | D:1      | Learned a level 2 spell: Blink
  1200 | D:2      | Reached XP level 3. HP: 20/27 MP: 1/8
  1205 | D:2      | Learned a level 3 spell: Mephitic Cloud
  1475 | D:2      | Reached skill level 3 in Conjurations
  2019 | D:3      | Found a white marble altar of Elyvilon.
  2021 | D:3      | Found a bloodstained altar of Trog.
  2022 | D:3      | Found a blossoming altar of Fedhas.
  2588 | D:3      | Reached XP level 4. HP: 25/34 MP: 11/11
  2722 | D:3      | Reached skill level 4 in Conjurations
  3619 | D:3      | Found a glowing silver altar of Zin.
  3708 | D:4      | Reached XP level 5. HP: 39/39 MP: 12/12
  3782 | D:4      | Reached skill level 5 in Conjurations
  3829 | D:4      | Learned a level 3 spell: Conjure Flame
  4687 | D:5      | Entered Level 5 of the Dungeon
  4804 | D:5      | Reached XP level 6. HP: 24/46 MP: 6/17
  5052 | D:5      | Noticed a phantom
  5197 | D:5      | Noticed an ogre
  5212 | D:5      | Killed an ogre
  5359 | D:5      | Reached skill level 1 in Long Blades
  5451 | D:5      | Killed a phantom
  5451 | D:5      | Reached XP level 7. HP: 41/51 MP: 1/18
  5579 | D:5      | Noticed Grum
  5628 | D:5      | Killed Grum
  5759 | D:5      | Noticed Menkaure
  6547 | D:5      | Killed Menkaure
  6547 | D:5      | Reached skill level 5 in Long Blades
  6615 | D:5      | Reached XP level 8. HP: 58/58 MP: 13/20
  6616 | D:5      | Reached skill level 6 in Long Blades
  7160 | D:6      | Reached skill level 7 in Long Blades
  7353 | D:6      | Learned a level 2 spell: Repel Missiles
  7920 | D:6      | Reached skill level 8 in Long Blades
  8047 | D:7      | Found a staircase to the Ecumenical Temple.
  8955 | D:7      | Reached skill level 9 in Long Blades
  8955 | D:7      | Reached XP level 9. HP: 63/63 MP: 12/21
  9104 | D:7      | Noticed Ijyb
  9115 | D:7      | Killed Ijyb
  9538 | D:7      | Reached skill level 10 in Long Blades
  9601 | D:7      | Reached skill level 1 in Fighting
  9932 | D:8      | Got a fabulously ornate robe
  9933 | D:8      | Identified the +1 robe of Jyqu {MR+} (You found it on level 8 of the Dungeon)
  9975 | D:8      | Noticed Dowan
  9977 | D:8      | Noticed Duvessa
  9983 | D:8      | Killed Duvessa
  9994 | D:8      | Killed Dowan
 10198 | D:8      | Noticed a wolf
 10232 | D:8      | Killed a wolf
 10419 | D:8      | Found a staircase to the Lair.
 10419 | D:8      | Noticed an elephant
 10520 | D:8      | Killed an elephant
 10520 | D:8      | Reached skill level 5 in Fighting
 10847 | D:8      | Reached XP level 10. HP: 57/83 MP: 4/22
 11367 | D:8      | Reached skill level 5 in Dodging
 13007 | D:9      | Noticed Edmund
 13022 | D:9      | Killed Edmund
 14537 | D:10     | Entered Level 10 of the Dungeon
 14537 | D:10     | Noticed a hill giant
 14645 | D:10     | Reached skill level 1 in Armour
 15017 | D:10     | Noticed a hill giant
 15518 | D:10     | Killed a hill giant
 15729 | D:10     | Reached XP level 11. HP: 84/91 MP: 20/23
 15776 | D:10     | Killed a hill giant
 15879 | D:11     | Noticed Erica
 15970 | D:11     | Noticed a five-headed hydra
 15986 | D:11     | Killed a five-headed hydra
 16093 | D:11     | Killed Erica
 16093 | D:11     | Reached skill level 11 in Long Blades
 16688 | D:11     | Found Naihiuh's Gadget Emporium.
 16708 | D:11     | Bought a wand of teleportation (5) for 351 gold pieces
 17054 | D:12     | Reached skill level 12 in Long Blades
 17307 | Lair:1   | Entered Level 1 of the Lair of Beasts
 17356 | Lair:1   | Noticed a four-headed hydra
 17365 | Lair:1   | Killed a hydra
 17797 | Lair:2   | Noticed a seven-headed hydra
 17811 | Lair:2   | Killed a six-headed hydra
 18484 | Lair:3   | Found a staircase to the Snake Pit.
 18804 | Lair:3   | Reached skill level 13 in Long Blades
 19131 | Lair:1   | Learned a level 2 spell: Cure Poison
 19403 | Lair:3   | Noticed a five-headed hydra
 19503 | Lair:3   | Killed a five-headed hydra
 19503 | Lair:3   | Reached XP level 12. HP: 86/97 MP: 16/25
 20036 | Lair:3   | Noticed an eight-headed hydra
 20345 | Lair:3   | Killed an eight-headed hydra
 20345 | Lair:3   | Reached skill level 14 in Long Blades
 24616 | Lair:5   | Reached skill level 10 in Dodging
 24851 | Lair:5   | Noticed an eight-headed hydra
 24860 | Lair:5   | Killed an eight-headed hydra
 25408 | Lair:5   | Noticed a six-headed hydra
 25418 | Lair:5   | Killed a seven-headed hydra
 26134 | Lair:6   | Reached XP level 13. HP: 68/111 MP: 25/25
 26599 | Lair:6   | Found a staircase to the Slime Pits.
 26780 | Lair:6   | Noticed Fannar
 27126 | Lair:6   | Found a staircase to the Shoals.
 28117 | Lair:7   | Found a shimmering altar of Xom.
 29600 | Lair:6   | Reached skill level 5 in Spellcasting
 30227 | Lair:8   | Entered Level 8 of the Lair of Beasts
 30995 | Lair:5   | Got a transparent quarterstaff
 30996 | Lair:5   | Identified the +7,+2 quarterstaff "Twosh" {elec, Dex-1 Int+4 Stlth++} (You found it on level 5 of the Lair of Beasts)
 34031 | Lair:8   | Reached XP level 14. HP: 86/119 MP: 30/32
 35433 | Lair:8   | Learned a level 6 spell: Freezing Cloud
 35670 | Lair:8   | HP: 1/119 [elephant slug (30)]
 36012 | Lair:8   | Reached skill level 1 in Air Magic
 36384 | D:12     | Reached skill level 1 in Ice Magic
 36526 | D:12     | Reached skill level 1 in Polearms
 36986 | D:12     | Found a staircase to the Orcish Mines.
 37668 | D:12     | Found an ancient bone altar of Kikubaaqudgha.
 38328 | Orc:1    | Entered Level 1 of the Orcish Mines
 38505 | Orc:1    | Found Yzeur's Magic Scroll Emporium.
 38860 | Orc:2    | Found a roughly hewn altar of Beogh.
 39652 | Orc:1    | Reached skill level 10 in Spellcasting
 40080 | Orc:2    | Found Pleaj's Distillery.
 42148 | Orc:3    | Found a roughly hewn altar of Beogh.
 42154 | Orc:3    | Noticed Erolcha
 42210 | Orc:3    | Killed Erolcha
 42675 | Orc:4    | Entered Level 4 of the Orcish Mines
 43760 | Orc:4    | Found Giarar's Weapon Shop.
 43760 | Orc:4    | Found Kayr's Jewellery Shoppe.
 43969 | Orc:4    | Found a staircase to the Elven Halls.
 44687 | Orc:4    | Reached skill level 1 in Shields
 45274 | Orc:4    | Noticed Nessos
 45344 | Orc:4    | Killed Nessos
 47306 | Orc:4    | Found Iliannus' Assorted Antiques.
 47306 | Orc:4    | Found Kuasm's Jewellery Shoppe.
 47382 | Orc:4    | Noticed an orc warlord
 47383 | Orc:4    | Found a roughly hewn altar of Beogh.
 47446 | Orc:4    | Killed an orc warlord
 48208 | Orc:4    | Reached skill level 5 in Shields
 48821 | D:13     | Noticed Maurice
 48834 | D:13     | Found a glowing golden altar of the Shining One.
 48957 | D:13     | Mangled by a manticore

Action                   |  1- 3 |  4- 6 |  7- 9 | 10-12 | 13-15 || total
-------------------------+-------+-------+-------+-------+-------++-------
Melee: Short sword       |    39 |       |       |       |       ||    39
       Dagger            |    69 |    98 |       |       |       ||   167
       Falchion          |       |    89 |   460 |  1696 |  4164 ||  6409
       Trident           |       |       |    12 |    17 |       ||    29
       Scimitar          |       |       |       |     9 |       ||     9
       Spear             |       |       |       |       |     6 ||     6
Throw: Stone             |       |       |     1 |       |       ||     1
 Cast: Magic Dart        |    59 |    49 |   166 |   166 |   120 ||   560
       Mephitic Cloud    |       |    10 |    44 |    34 |   168 ||   256
       Conjure Flame     |       |     6 |    18 |    60 |    35 ||   119
       Blink             |       |       |     6 |    16 |    16 ||    38
       Repel Missiles    |       |       |     1 |     1 |     1 ||     3
       Cure Poison       |       |       |       |       |     1 ||     1
Evoke: Wand              |       |       |     2 |     5 |    21 ||    28
  Use: Scroll            |     3 |    10 |     8 |     3 |    18 ||    42
       Potion            |       |       |     1 |     3 |     8 ||    12
 Stab: Sleeping          |     2 |     3 |     1 |     9 |    13 ||    28
       Confused          |       |     7 |    26 |    25 |   138 ||   196
       Distracted        |       |       |       |     2 |     2 ||     4
